 Dungeon Crawl Stone Soup version 0.19.1 (webtiles) character file.

100 Aksej the Slasher (level 4, -6/33 HPs)
             Began as a Demonspawn Gladiator on Nov 28, 2016.
             Killed by nerve-wracking pain
             ... invoked by Grinder
              (14 damage)
             ... on level 3 of the Dungeon.
             The game lasted 00:04:12 (2242 turns).

Aksej the Slasher (Demonspawn Gladiator)            Turns: 2242, Time: 00:04:12

Health: -6/33      AC:  5    Str: 15    XL:     4   Next: 47%
Magic:  4/4        EV: 20    Int: 10    God:
Gold:   145        SH:  0    Dex: 19    Spells: 0 memorised, 3 levels left

rFire  + . .     SeeInvis .     a - +0 long sword
rCold  + . .     Gourm    .     b - +0 leather armour
rNeg   . . .     Faith    .     (no shield)
rPois  +         Spirit   .     (helmet restricted)
rElec  +         Reflect  .     (no cloak)
rCorr  +         Harm     .     (no gloves)
MR     .....                    (no boots)
Stlth  ++........               (no amulet)
                                (no ring)
                                n - +2 ring of evasion

@: agile, resistant, very slightly contaminated, hasted, very quick
A: antennae 1, yellow scales 1
a: no special abilities


You were on level 3 of the Dungeon.
You were not hungry.

You visited 1 branch of the dungeon, and saw 3 of its levels.

You collected 145 gold pieces.

Inventory:

Hand Weapons
 a - a +0 long sword (weapon)
Missiles
 d - 3 throwing nets (quivered)
Armour
 b - a +0 leather armour (worn)
Jewellery
 n - a +2 ring of evasion (left hand)
 o - an uncursed ring of magical power {unknown}
Scrolls
 j - a scroll of teleportation
 p - a scroll of amnesia
Potions
 h - a potion of agility
 i - a potion of mutation {unknown}
 m - a potion of curing {unknown}
 q - 2 potions of degeneration {unknown}
Books
 l - a book of Minor Magic

   Spells                             Type                      Level
   a - Magic Dart                     Conjuration                  1
   b - Blink                          Translocation                2
   c - Call Imp                       Summoning                    2
   d - Repel Missiles                 Charms/Air                   2
   e - Slow                           Hexes                        2
   f - Conjure Flame                  Conjuration/Fire             3
   g - Mephitic Cloud                 Conjuration/Poison/Air       3
Comestibles
 c - a beef jerky
 f - 2 bread rations
 g - a chunk of flesh


   Skills:
 + Level 2.2 Fighting
 * Level 4.1 Long Blades
 + Level 1.8 Throwing
 + Level 1.1 Armour
 + Level 3.1 Dodging


You had 3 spell levels left.
You didn't know any spells.

Dungeon Overview and Level Annotations

Branches:
Dungeon (3/15)

Altars:
Qazlal
The Shining One

Annotations:
D:3 Grinder


Innate Abilities, Weirdness & Mutations

You have a pair of small antennae on your head.
You are partially covered in yellow scales. (AC +2)


Message History

You hit the worm.
The worm is heavily wounded.
You completely miss Grinder.
Grinder is almost dead.
Grinder completely misses you.
You riposte.
You hit Grinder but do no damage.
Grinder is almost dead.
Unknown command.
You hit Grinder.
Grinder is almost dead.
Grinder blinks!
You slash the worm!
The worm is almost dead.
The worm misses you.
Unknown command.
You hit the worm.
You kill the worm!
Grinder blinks!
Grinder gestures at you. Pain shoots through your body!
You die...

#......†...#<....
#.....####.#.####
.###########.#
#.#..... ..!....
#.# #.......
.......#####.#
########
>............#
........†#####
.........#
.......@.#
#........#
#...§......
#...........#
#.5.........#
#...........#
#...........#
#############


You could see Grinder.

Vanquished Creatures
  4 adders
  2 worms
  2 dart slugs
  A giant cockroach (D:2)
  4 goblins
  5 hobgoblins
  8 jackals
  5 kobolds
  6 bats
  3 frilled lizards
  16 rats
56 creatures vanquished.

Notes
Turn   | Place    | Note
-------+----------+-------------------------------------------
     0 | D:1      | Aksej the Demonspawn Gladiator began the quest for the Orb.
     0 | D:1      | Reached XP level 1. HP: 16/16 MP: 1/1
    17 | D:1      | Reached skill level 3 in Long Blades
   343 | D:1      | Gained mutation: You have a pair of small antennae on your head. [demonic ancestry]
   343 | D:1      | Reached XP level 2. HP: 15/22 MP: 2/2
   847 | D:1      | Found a glowing golden altar of the Shining One.
  1042 | D:2      | Reached XP level 3. HP: 18/27 MP: 3/3
  1213 | D:2      | Found a stormy altar of Qazlal.
  1505 | D:2      | Reached skill level 1 in Armour
  1613 | D:2      | Gained mutation: You are partially covered in yellow scales. (AC +2) [demonic ancestry]
  1613 | D:2      | Reached XP level 4. HP: 33/33 MP: 4/4
  1704 | D:2      | Reached skill level 4 in Long Blades
  2221 | D:3      | Noticed Grinder
  2242 | D:3      | Killed from afar by Grinder

Skill      XL: |  1  2  3  4 |
---------------+-------------+-----
Long Blades    | 3 4 |  4.1
Dodging        | 3 |  3.1
Armour         | 1 |  1.1
Fighting       | |  2.2
Throwing       | |  1.8

Action                   |  1- 3 |  4- 6 || total
-------------------------+-------+-------++-------
Melee: Long sword        |   104 |    38 ||   142
  Use: Scroll            |     4 |     3 ||     7
       Potion            |     3 |     3 ||     6
 Stab: Sleeping          |     2 |       ||     2
  Eat: Chunk             |     3 |     2 ||     5
Armor: Leather armour    |    34 |     5 ||    39
Dodge: Dodged            |    69 |    35 ||   104
       Rpst.: Long sword |    21 |    15 ||    36
